 Dungeon Crawl Stone Soup version 0.30.1-4-g462c640d31 (webtiles) character file.

Game seed: 16776981265228979357

18248 monsoonserge the Grappler (level 12, -2/115 (122) HPs)
             Began as a Troll Fighter on Sept 12, 2023.
             Was a High Priest of Wu Jian.
             Killed from afar by an ancient lich (27 damage)
             ... with a bolt of acid
             ... on level 1 of the Abyss.
             The game lasted 00:35:08 (10242 turns).

monsoonserge the Grappler (Troll Fighter)          Turns: 10242, Time: 00:35:09

HP:   -2/115 (122)  AC: 13    Str: 27      XL:     12   Next: 26%
MP:   11/11         EV:  8    Int: 13 (14) God:    Wu Jian [*****.]
Gold: 414           SH: 10    Dex:  9      Spells: 11/11 levels left

rFire   . .          .
                       - Unarmed
rCold   + . .        b - +0 kite shield
rNeg    . . .        N - +0 swamp dragon scales
rPois   +            T - +1 hat {Stlth+}
rElec   .            B - +2 cloak {rCorr}
rCorr   +            (gloves unavailable)
SInv    .            (boots unavailable)
Will    .....        E - amulet of regeneration
Stlth   ++           W - ring of protection from cold
HPRegen 1.99/turn    P - +6 ring of intelligence
MPRegen 0.12/turn

%: no passive effects
@: studying Maces & Flails, drained
A: large, unfitting armour, claws 3, regeneration 1, shaggy fur 1, tough skin 1
a: Renounce Religion, Wall Jump, Serpent's Lash, Heavenly Storm


You were on level 1 of the Abyss.
You worshipped Wu Jian.
Wu Jian was extremely pleased with you.
You visited 2 branches of the dungeon, and saw 12 of its levels.
You visited the Abyss 1 time.
You also visited: Sewer.

You collected 414 gold pieces.

Inventory:

Missiles
 h - 3 boomerangs
 i - 64 poisoned darts (quivered)
 u - 9 silver javelins
 H - 2 curare-tipped darts
 I - 2 atropa-tipped darts
 L - a throwing net
 Z - 4 large rocks
Armour
 b - a +0 kite shield (worn)
 r - a scarf of invisibility
 B - a +2 cloak of preservation (worn)
 N - +0 swamp dragon scales (worn)
 O - +0 steam dragon scales
 T - a +1 hat of stealth (worn)
Magical Staves
 a - a staff of earth
Jewellery
 s - a ring of resist corrosion
 E - an amulet of regeneration (around neck)
 F - a ring of poison resistance
 P - a +6 ring of intelligence (right claw)
 W - a ring of protection from cold (left claw)
 X - a ring of magical power
Wands
 o - a wand of roots (13)
 v - a wand of polymorph (8)
 w - a wand of flame (62)
 J - a wand of mindburst (9)
 R - a wand of charming (14)
 V - a wand of digging (6)
Scrolls
 e - 4 scrolls of immolation
 f - 2 scrolls of silence
 g - 2 scrolls of amnesia
 j - 3 scrolls of poison
 l - 2 scrolls of blinking
 q - a scroll of acquirement {unknown}
 y - 5 scrolls of vulnerability
 z - 6 scrolls of teleportation {unknown}
 A - a scroll of magic mapping
 C - 2 scrolls of brand weapon
 S - a scroll of fog
 Y - a scroll of enchant weapon
Potions
 c - a potion of might
 k - 12 potions of curing
 m - 4 potions of haste {unknown}
 n - 3 potions of attraction
 t - 2 potions of heal wounds
 x - a potion of mutation {unknown}
 D - a potion of invisibility {unknown}
 K - a potion of flight {unknown}
 M - a potion of berserk rage {unknown}
 Q - a potion of resistance {unknown}
 U - a potion of lignification {unknown}


   Skills:
 + Level 8.9 Fighting
 - Level 2.7 Dodging
 - Level 1.0 Stealth
 + Level 9.8 Shields
 * Level 14.3 Unarmed Combat
 - Level 1.0 Evocations


You had 11 spell levels left.
You didn't know any spells.
Your spell library contained the following spells:

 Spells                   Type           Power      Damage    Failure   Level
 Freeze                   Ice            0%         1d3       61%         1
 Sandblast                Erth           0%         2d4       61%         1
 Sting                    Tmut/Pois      0%         1d3       61%         1
 Passwall                 Tmut/Erth      0%         N/A       75%         2
 Poisonous Vapours        Pois/Air       0%         N/A       75%         2
 Frozen Ramparts          Ice            0%         1d1       93%         3
 Hailstorm                Conj/Ice       0%         3d3       93%         3
 Stone Arrow              Conj/Erth      0%         3d7       93%         3
 Olgreb's Toxic Radiance  Pois           0%         N/A       100%        4


Dungeon Overview and Level Annotations

Branches:
Dungeon (11/15)            Temple (1/1) D:5            Lair (0/5) D:11
    Orc (0/2) D:11          Sewer (visited)

Altars:
Ashenzari
Cheibriados
Dithmenos
Elyvilon
Fedhas
Gozag
Hepliaklqana
Kikubaaqudgha
Makhleb
Nemelex Xobeh
Okawaru
Qazlal
Ru
Sif Muna
Trog
Uskayaw
Vehumet
Wu Jian
Xom
Yredelemnul
Zin
The Shining One

Shops:
D:4 :

Annotations:
D:11 Psyche


Innate Abilities, Weirdness & Mutations

You are too large for most types of armour.
You have claws for hands.
Your natural rate of healing is unusually fast.
You are covered in fur. (AC +1)
You have tough skin. (AC +1)


Message History

Your limbs have turned to stone.
You have turned to stone.
Something touches you! Something touches you. x2
You hear some strange, mumbled words.
Something touches you!
Something touches you but does no damage.
Something touches you! x2
Something touches you but does no damage. x2
Something touches you! Something touches you. x2
Something touches you!
Something touches you but does no damage.
You turn to flesh and can move again.
You scratch something but do no damage.
Something touches you but does no damage.
Something touches you.
You feel drained.
You closely miss something.
Something touches you but does no damage.
You closely miss something.
Something touches you but does no damage.
You barely miss something. Something completely misses you.
You claw something!
Something touches you but does no damage.
Something touches you.
You feel drained.
You mangle something!!
You hear some strange, mumbled words.
A bolt of acid appears from out of thin air!
The bolt of acid hits you! You resist.
You eviscerate something!!! Something completely misses you.
You mangle something!!
You hear some strange, mumbled words.
A crystal spear appears from out of thin air!
The crystal spear hits you!!!!
Ouch! That really hurt!
* * * LOW HITPOINT WARNING * * *
Okay, then.
You feel much better.
You hear some strange, mumbled words.
A bolt of acid appears from out of thin air!
The bolt of acid hits you!! You resist.
You die...

#...#
.## #
####
##.#.# .
#.† .
#..#####
##
#.....
.##
##....#
.# .
..#. .#
##
#..#####
##.....#
#@## .
#.{#.#
#.# #..
#. .#.#
. # # #.
. ##


There were no monsters in sight!

Vanquished Creatures
  A tentacled starspawn (Abyss:1)
  Gastronok (D:8)
  Josephine (D:11)
  A rakshasa (Abyss:1)
  2 two-headed ogres
  A glowing orange brain (Abyss:1)
  A lindwurm (shapeshifter) (D:11)
  An ugly thing (D:11)
  A cyclops (D:11)
  A dire elephant zombie (Abyss:1)
  A large abomination (Abyss:1)
  Joseph (D:9)
  Maggie (D:6)
  2 kobold demonologists
  A komodo dragon (D:11)
  Prince Ribbit (D:8)
  Grinder (D:3)
  3 raiju (Abyss:1)
  A wyvern (D:8)
  4 wraiths
  19 yaks
  Eustachio (D:6)
  A steam dragon (D:7)
  Menkaure (D:6)
  An acid dragon (D:11)
  A water moccasin (D:5)
  A small abomination (Abyss:1)
  3 orc warriors
  2 sky beasts
  7 ice beasts
  An ogre (D:5)
  4 centaurs
  Blork the orc (D:6)
  11 kobold brigands
  3 phantoms
  2 gnoll sergeants
  5 bullfrogs
  2 scorpions (D:6)
  7 wights
  10 killer bees
  4 electric eels (D:9)
  A jelly (D:7)
  A sleepcap (D:5)
  2 hounds
  7 orc priests
  Crazy Yiuf (D:3)
  6 iguanas
  Ijyb (D:4)
  7 orc wizards
  Natasha (thrice) (D:3)
  Robin (D:3)
  8 gnolls
  11 adders
  4 river rats
  A shadow imp (D:6)
  3 white imps
  2 ufetubi
  3 worms
  4 dart slugs
  26 orcs
  11 ball pythons
  8 endoplasms
  6 giant cockroaches
  23 goblins
  14 hobgoblins
  6 jackals
  2 quokkas
  A bat (D:3)
  2 frilled lizards (D:2)
  14 kobolds
  7 rats
  A starspawn tentacle (Abyss:1)
301 creatures vanquished.

Notes
Turn   | Place    | Note
-------+----------+-------------------------------------------
     0 | D:1      | monsoonserge the Troll Fighter began the quest for the Orb.
     0 | D:1      | Reached XP level 1. HP: 22/22 MP: 0/0
    19 | D:1      | Reached XP level 2. HP: 8/29 MP: 1/1
    47 | D:1      | Found a faded altar of an unknown god.
   195 | D:1      | Reached XP level 3. HP: 31/36 MP: 2/2
   434 | D:2      | Reached skill level 3 in Unarmed Combat
   449 | D:2      | Found a radiant altar of Vehumet.
   887 | D:2      | Reached XP level 4. HP: 44/44 MP: 3/3
  1061 | D:3      | Noticed Robin
  1086 | D:2      | HP: 2/44 [goblin/+0 club[Robin] (2)]
  1187 | D:3      | Killed Robin
  1233 | D:3      | Noticed Grinder
  1255 | D:3      | Killed Grinder
  1256 | D:3      | Reached skill level 4 in Unarmed Combat
  1256 | D:3      | Reached XP level 5. HP: 43/53 MP: 4/4
  1256 | D:3      | Reached XP level 6. HP: 50/61 MP: 5/5
  1503 | D:3      | Noticed Natasha
  1511 | D:3      | Killed Natasha
  1573 | D:3      | Found a runed translucent door.
  1574 | D:3      | Noticed Crazy Yiuf
  1608 | D:3      | Found an ornate altar of the Wu Jian Council.
  1623 | D:3      | Became a worshipper of the Wu Jian Council
  1792 | D:3      | Noticed Natasha
  1796 | D:3      | Killed Natasha
  1805 | D:3      | Noticed Natasha
  1816 | D:3      | Killed Natasha
  1817 | D:3      | Reached skill level 5 in Unarmed Combat
  1851 | D:3      | Killed Crazy Yiuf
  1947 | D:4      | Reached XP level 7. HP: 68/68 MP: 6/6
  1947 | D:4      | Found Bour's Book Emporium.
  2083 | D:5      | Entered Level 5 of the Dungeon
  2085 | D:5      | Reached * piety under Wu Jian
  2163 | D:4      | Reached skill level 6 in Unarmed Combat
  2288 | D:4      | Found a glowing drain.
  2304 | Sewer    | Entered a sewer
  2494 | Sewer    | Reached skill level 5 in Shields
  2494 | Sewer    | Reached XP level 8. HP: 67/79 MP: 7/7
  2518 | Sewer    | Reached skill level 7 in Unarmed Combat
  2630 | Sewer    | Reached ** piety under Wu Jian
  3142 | D:4      | Reached skill level 5 in Fighting
  3162 | D:4      | Noticed Ijyb
  3176 | D:4      | Killed Ijyb
  3433 | D:5      | Reached skill level 8 in Unarmed Combat
  3562 | D:5      | Found a shimmering blue altar of Sif Muna.
  3785 | D:5      | Found a staircase to the Ecumenical Temple.
  3796 | Temple   | Entered the Ecumenical Temple
  4198 | D:5      | Reached XP level 9. HP: 88/88 MP: 8/8
  4950 | D:6      | Reached skill level 9 in Unarmed Combat
  5070 | D:6      | Noticed Menkaure
  5070 | D:6      | Noticed Maggie
  5078 | D:6      | Killed Menkaure
  5096 | D:6      | Killed Maggie
  5096 | D:6      | Reached *** piety under Wu Jian
  5218 | D:6      | Noticed Blork the orc
  5226 | D:6      | Killed Blork the orc
  5411 | D:6      | Noticed Eustachio
  5417 | D:6      | Killed Eustachio
  6463 | D:7      | Reached skill level 10 in Unarmed Combat
  6823 | D:8      | Noticed Gastronok
  6898 | D:8      | Identified the -2 pair of gloves of Ibeuch {rC+ MP-9 Int+2}
  6934 | D:8      | Killed Gastronok
  6935 | D:8      | Reached XP level 10. HP: 100/100 MP: 9/9
  7018 | D:8      | Found an iron altar of Okawaru.
  7156 | D:8      | Noticed Prince Ribbit
  7173 | D:8      | Reached skill level 1 in Evocations
  7176 | D:8      | Reached skill level 11 in Unarmed Combat
  7182 | D:8      | Killed Prince Ribbit
  7505 | D:9      | Reached **** piety under Wu Jian
  7575 | D:9      | Noticed a two-headed ogre
  7592 | D:9      | Killed a two-headed ogre
  7793 | D:9      | Reached skill level 12 in Unarmed Combat
  7808 | D:9      | Reached XP level 11. HP: 94/109 MP: 10/10
  7980 | D:9      | Identified the +1 robe of the Lizard {*Slow rF+ Int+3}
  8068 | D:9      | Noticed Joseph
  8082 | D:9      | Killed Joseph
  8325 | D:10     | Entered Level 10 of the Dungeon
  9125 | D:10     | Noticed a two-headed ogre
  9138 | D:10     | Killed a two-headed ogre
  9225 | D:10     | Reached skill level 13 in Unarmed Combat
  9430 | D:11     | Found an iron altar of Okawaru.
  9491 | D:11     | Found a staircase to the Lair.
  9533 | D:11     | Found a staircase to the Orcish Mines.
  9672 | D:11     | Noticed a lindwurm
  9678 | D:11     | Killed a lindwurm
  9789 | D:11     | Noticed a green ugly thing
  9793 | D:11     | Killed a green ugly thing
  9808 | D:11     | Noticed Josephine
  9817 | D:11     | Killed Josephine
  9817 | D:11     | Reached ***** piety under Wu Jian
 10014 | D:11     | Noticed Psyche
 10026 | Abyss:1  | Cast into level 1 of the Abyss (Psyche)
 10118 | Abyss:1  | Noticed a rakshasa
 10131 | Abyss:1  | Killed a rakshasa
 10132 | Abyss:1  | Reached XP level 12. HP: 98/122 MP: 11/11
 10144 | Abyss:1  | Noticed a tentacled starspawn
 10150 | Abyss:1  | Reached skill level 1 in Stealth
 10151 | Abyss:1  | Killed a tentacled starspawn
 10152 | Abyss:1  | Reached skill level 14 in Unarmed Combat
 10196 | Abyss:1  | Noticed a hell hog
 10206 | Abyss:1  | Noticed an ancient lich
 10242 | Abyss:1  | Killed from afar by an ancient lich

Illustrated notes

Levels and vault maps discovered:
D:1:      minmay_arrival_three_doors, layout_rooms,
          shapermc_ecumenical_altar_pompeii
D:2:      layout_loops_ring, basic_altar
D:3:      layout_basic, nicolae_wu_jian_immortal_techniques,
          uniq_crazy_yiuf_cottage, uniq_robin, uniq_natasha, uniq_grinder
D:4:      kennysheep_goblin_castle, layout_rooms, serial_shops,
          nicolae_book_shop_shelving, portal_sewer_entry_e
D:5:      layout_loops_corners, lemuel_doored_altar, minmay_temple_entry_glass,
          serial_bayou, serial_bayou_pond_a, serial_bayou_pond_d,
          serial_bayou_shore_a, serial_bayou_pond_e, serial_bayou_lagoon_b,
          minmay_manual_maat, uniq_ijyb
D:6:      layout_loops_corners, hangedman_decor_peaks_small, grunt_tough_drop,
          uniq_menkaure, uniq_maggie, uniq_blork_the_orc, uniq_eustachio
D:7:      layout_layer_cave, minivault_26
D:8:      layout_basic, mainiacjoe_overflow_boulevard, uniq_prince_ribbit1,
          uniq_gastronok
D:9:      minmay_twisted_water, layout_basic, minmay_hedge_maze, uniq_joseph
D:10:     layout_basic
D:11:     layout_long_grid, david_lair_shrubbed, david_orc_2,
          okawaru_ov_weapons_minmay, uniq_psyche, uniq_josephine
Temple:   compressed_dpeg_triangle_lava_temple
Abyss:1:  base:
Temple

Skill      XL: |  1  2  3  4  5  6  7  8  9 10 11 12 |
---------------+-------------------------------------+-----
Shields        | 3 4 5 7 8 9 |  9.8
Unarmed Combat | 3 4 5 6 8 10 12 13 14 | 14.3
Fighting       | 3 4 5 6 7 8 |  8.9
Evocations     | 1 |  1.0
Stealth        | 1 |  1.0
Dodging        | |  2.7

Action                     |  1- 3 |  4- 6 |  7- 9 | 10-12 || total
---------------------------+-------+-------+-------+-------++-------
  Melee: Unarmed           |    75 |   130 |   464 |   467 ||  1136
  Throw: Javelin           |       |     1 |       |       ||     1
         Boomerang         |       |     1 |       |       ||     1
         Dart              |       |       |     8 |     7 ||    15
Ability: Lunge             |       |     5 |    32 |    31 ||    68
         Whirlwind         |       |       |    34 |   106 ||   140
  Evoke: Wand              |       |     2 |       |       ||     2
    Use: Potion            |       |     1 |       |     1 ||     2
         Scroll            |       |       |       |    14 ||    14
   Stab: Sleeping          |       |       |       |     1 ||     1
 Armour: Robe              |    13 |    24 |    79 |       ||   116
         Swamp dragon scal |       |       |    67 |   112 ||   179
  Dodge: Dodged            |    19 |    46 |   111 |   116 ||   292
  Block: Kite shield       |    27 |    36 |   141 |   148 ||   352
